 Dungeon Crawl Stone Soup version 0.17.0-9-g801d43b (webtiles) character file.

3098 dorian the Agent of Entropy (level 9, 0/66 HPs)
             Began as a Demonspawn Abyssal Knight on Nov 9, 2015.
             Was a Priest of Lugonu.
             Slain by a big kobold
             ... wielding a +0 dagger of venom
              (4 damage)
             ... on level 7 of the Dungeon.
             The game lasted 00:16:25 (7403 turns).

dorian the Agent of Entropy (DsAK)                  Turns: 7403, Time: 00:16:25

Health: 0/66       AC: 26    Str: 16    XL:     9   Next: 59%
Magic:  17/17      EV:  5    Int: 13    God:    Lugonu [***...]
Gold:   226        SH:  0    Dex: 13    Spells: 0 memorised, 8 levels left

rFire  . . .     SeeInvis .     y - +2 mace (protect)
rCold  . . .     Clarity  .     o - +0 plate armour
rNeg   . . .     SustAt   +     (no shield)
rPois  .         Gourm    .     M - +0 helmet
rElec  .         Spirit   .     (no cloak)
rCorr  .         Warding  .     (no gloves)
rMut   .         Stasis   .     (no boots)
MR     .....                    B - amulet of rage
Stlth  ..........               g - ring of sustain attributes
                                q - +5 ring of protection

@: lethally poisoned (0 -> -50), not resistant to hostile enchantments,
extremely unstealthy
A: rugged brown scales 2, powered by death 2
a: Depart the Abyss, Bend Space, Banish, Renounce Religion, Evoke Berserk Rage


You were on level 7 of the Dungeon.
You worshipped Lugonu.
Lugonu was most pleased with you.
You were hungry.

You visited 1 branch of the dungeon, and saw 8 of its levels.
You visited the Abyss 1 time.

You collected 226 gold pieces.

Inventory:

Hand Weapons
 a - a +1 hand axe
 w - a +1 flail of draining
 y - a +2 mace of protection (weapon)
 L - a +0 halberd of chopping
 O - a +0 battleaxe
Missiles
 H - 7 tomahawks (quivered)
Armour
 b - a +0 leather armour
 o - a +0 plate armour (worn)
 M - a +0 helmet (worn)
Jewellery
 g - a ring of sustain attributes (right hand)
 l - an uncursed ring of teleportation
 q - a +5 ring of protection (left hand)
 B - an amulet of rage (around neck)
Wands
 x - a wand of confusion (17)
 P - a wand of polymorph (12)
Scrolls
 d - 6 scrolls of identify
 e - a scroll of random uselessness
 h - a scroll of amnesia
 i - 6 scrolls of remove curse
 j - a scroll of blinking {unknown}
 k - a scroll of enchant weapon {unknown}
 r - 5 scrolls of teleportation {unknown}
 s - 2 scrolls of enchant armour {unknown}
 z - 3 scrolls of recharging {unknown}
 A - a scroll of fog {unknown}
 K - a scroll of magic mapping {unknown}
 S - a scroll of noise {unknown}
Potions
 m - 2 potions of agility
 p - a potion of lignification
 t - a potion of flight {unknown}
 E - a potion of berserk rage {unknown}
 J - 2 potions of poison
 R - a potion of heal wounds {unknown}
Books
 c - a book of the Sky

   Spells                             Type                      Level
   a - Summon Lightning Spire         Summoning/Air                4
   b - Airstrike                      Air                          4
   c - Silence                        Hexes/Air                    5
   d - Deflect Missiles               Charms/Air                   6
   e - Conjure Ball Lightning         Conjuration/Air              6
   f - Tornado                        Air                          9
 v - a book of Burglary

   Spells                             Type                      Level
   a - Swiftness                      Charms/Air                   2
   b - Passwall                       Transmutation/Earth          3
   c - Passage of Golubria            Translocation                4
   d - Lee's Rapid Deconstruction     Earth                        5
   e - Darkness                       Hexes                        6
   f - Invisibility                   Hexes                        6
 C - a book of Necromancy

   Spells                             Type                      Level
   a - Pain                           Necromancy                   1
   b - Animate Skeleton               Necromancy                   1
   c - Vampiric Draining              Necromancy                   3
   d - Regeneration                   Charms/Necromancy            3
   e - Animate Dead                   Necromancy                   4
   f - Control Undead                 Necromancy                   4
 I - a book of the Earth

   Spells                             Type                      Level
   a - Leda's Liquefaction            Hexes/Earth                  4
   b - Bolt of Magma                  Conjuration/Fire/Earth       5
   c - Statue Form                    Transmutation/Earth          6
   d - Iron Shot                      Conjuration/Earth            6
   e - Shatter                        Earth                        9
 Q - a book of Fire

   Spells                             Type                      Level
   a - Ignite Poison                  Fire/Transmutation/Poison    3
   b - Fireball                       Conjuration/Fire             5
   c - Bolt of Fire                   Conjuration/Fire             6
   d - Delayed Fireball               Conjuration/Fire             7
   e - Ring of Flames                 Charms/Fire                  7
Comestibles
 f - 6 beef jerkies
 n - 7 chunks of flesh
 u - a slice of pizza
 D - 3 meat rations
 G - 3 bread rations
 N - a royal jelly


   Skills:
 - Level 3.0 Fighting
 - Level 2.9(4.8) Axes
 + Level 6.0(6.3) Maces & Flails
 + Level 6.7 Armour
 - Level 0.8 Dodging
 - Level 11.6 Invocations


You had 8 spell levels left.
You didn't know any spells.

Dungeon Overview and Level Annotations

Branches:
Dungeon (8/15)             Temple (0/1) D:7
   Lair: D:8-11

Altars:
Ashenzari
Cheibriados
Dithmenos
Gozag
Kikubaaqudgha
Nemelex Xobeh
Okawaru
Sif Muna
Trog
Zin
The Shining One

Shops:
D:7 [

Annotations:
Abyss:1 Duvessa, Grinder, Joseph


Innate Abilities, Weirdness & Mutations

You are mostly covered in rugged brown scales (AC +2, +5% HP).
You regenerate health from kills.


Message History

The big kobold hits you but does no damage.
You are more poisoned.
You completely miss the big kobold.
The big kobold is heavily wounded.
* * * LOW HITPOINT WARNING * * *
You feel very sick.
The big kobold hits you but does no damage.
You are more poisoned.
You hit the big kobold but do no damage.
The big kobold is heavily wounded.
* * * LOW HITPOINT WARNING * * *
You feel very sick.
The big kobold hits you but does no damage.
You are more poisoned.
You closely miss the big kobold.
The big kobold is heavily wounded.
* * * LOW HITPOINT WARNING * * *
You feel very sick.
The big kobold hits you with a dagger of venom.
You die...

#..............................
#.########.#.##################
#.# #.#.# #............. #.#
#.#.# #.###########. #.# #.#.#
#.# #. #.# #.#.# #.# #.
###.########.#.#####.############
.......................)>).......
##.........#.#..@K...############
##.........#.#..###..........####
.#.........#.#..# #.....[....'..#
...........#.#..# #..........##.#
..........##.#..# #####.#######.#
...........#.#..### #.# #.#
...........#.#....#####.# #.#
...........#.#..........# #.#
...........#.#....####### #.#


You could see a big kobold.

Vanquished Creatures
  Sigmund (D:6)
  2 sky beasts (D:5)
  5 phantoms
  An ice beast (D:7)
  2 big kobolds (D:8)
  Blork the orc (D:6)
  A scorpion (D:6)
  Dowan (D:6)
  3 wights (D:5)
  4 crimson imps
  4 hounds
  3 jellies
  2 orc priests
  3 orc wizards
  A centaur skeleton (D:7)
  5 worker ants
  A gnoll shaman (D:4)
  10 adders
  8 gnolls
  A shadow imp (D:5)
  3 oozes
  An adder zombie (D:6)
  A worm (D:3)
  4 giant geckos
  19 orcs
  6 giant cockroaches
  14 goblins
  7 hobgoblins
  10 jackals
  10 kobolds
  4 quokkas
  2 ball pythons
  5 bats
  8 giant newts
  2 jackal skeletons
  10 rats
165 creatures vanquished.

Vanquished Creatures (others)
  A hydra (D:7)
  The ghost of dorian the Covered, an amateur MiAK of Lugonu (D:3)
  A wight (D:6)
  2 orc priests (D:5)
  An orc wizard (D:6)
6 creatures vanquished.

Grand Total: 171 creatures vanquished

Notes
Turn   | Place    | Note
--------------------------------------------------------------
     0 | Abyss:1  | dorian the Demonspawn Abyssal Knight began the quest for the Orb.
     0 | Abyss:1  | Reached XP level 1. HP: 18/18 MP: 2/2
    77 | Abyss:1  | Noticed a bone dragon
    99 | D:1      | Escaped the Abyss
   172 | D:1      | Reached * piety under Lugonu
   324 | D:1      | Gained mutation: You regenerate a little health from kills. [demonic ancestry]
   324 | D:1      | Reached XP level 2. HP: 20/24 MP: 4/4
   886 | D:2      | Reached XP level 3. HP: 29/29 MP: 5/5
   887 | D:2      | Found a faded altar to an unknown god.
   941 | D:2      | Reached ** piety under Lugonu
   964 | D:2      | Found a glowing golden altar of the Shining One.
   970 | D:2      | Found a glowing silver altar of Zin.
   973 | D:2      | Found a shadowy altar of Dithmenos.
  1063 | D:2      | Reached skill level 4 in Invocations
  1189 | D:2      | Gained mutation: You are partially covered in rugged brown scales (AC +1, +3% HP). [demonic ancestry]
  1189 | D:2      | Reached XP level 4. HP: 29/36 MP: 7/7
  1782 | D:2      | Found a sparkling altar of Nemelex Xobeh.
  2116 | D:3      | Reached XP level 5. HP: 38/42 MP: 8/8
  2193 | D:3      | Reached skill level 5 in Invocations
  2221 | D:3      | Reached *** piety under Lugonu
  2605 | D:3      | Found an opulent altar of Gozag.
  2814 | D:3      | Noticed dorian's ghost (amateur MiAK)
  2816 | D:3      | Banished dorian's ghost
  2889 | D:4      | Reached skill level 1 in Maces & Flails
  2947 | D:4      | Reached skill level 6 in Invocations
  2947 | D:4      | Reached XP level 6. HP: 48/48 MP: 10/10
  3227 | D:4      | Found a snail-covered altar of Cheibriados.
  3369 | D:4      | Noticed Grinder
  3380 | D:4      | Paralysed by Grinder for 3 turns
  3387 | D:4      | Paralysed by Grinder for 5 turns
  3393 | D:4      | Banished Grinder
  3651 | D:4      | Reached skill level 7 in Invocations
  3908 | D:5      | Entered Level 5 of the Dungeon
  3937 | D:5      | Reached XP level 7. HP: 53/53 MP: 12/12
  4013 | D:5      | Found an iron altar of Okawaru.
  4013 | D:5      | Found a bloodstained altar of Trog.
  4239 | D:5      | Reached skill level 8 in Invocations
  4676 | D:5      | Found an ancient bone altar of Kikubaaqudgha.
  4791 | D:5      | Gained mutation: You regenerate health from kills. [demonic ancestry]
  4791 | D:5      | Reached XP level 8. HP: 51/59 MP: 14/14
  4883 | D:5      | Reached skill level 9 in Invocations
  5117 | D:6      | Noticed Sigmund
  5143 | D:6      | Killed Sigmund
  5143 | D:6      | Reached skill level 5 in Armour
  5273 | D:6      | Reached skill level 10 in Invocations
  5592 | D:6      | Found a sparkling altar of Nemelex Xobeh.
  5730 | D:6      | Noticed Blork the orc
  5743 | D:6      | Killed Blork the orc
  5754 | D:6      | Noticed Dowan
  5786 | D:6      | Noticed Duvessa
  5792 | D:6      | Killed Dowan
  5793 | D:6      | Banished Duvessa
  5793 | D:6      | Gained mutation: You are mostly covered in rugged brown scales (AC +2, +5% HP). [demonic ancestry]
  5793 | D:6      | Reached XP level 9. HP: 59/66 MP: 17/17
  5803 | D:6      | Reached skill level 11 in Invocations
  5877 | D:6      | Found a deep blue altar of Sif Muna.
  6025 | D:7      | Found a glowing golden altar of the Shining One.
  6101 | D:7      | Found a staircase to the Ecumenical Temple.
  6185 | D:7      | Found Lice's Antique Armour Emporium.
  6434 | D:7      | Noticed Joseph
  6437 | D:7      | Banished Joseph
  6437 | D:7      | Reached skill level 5 in Maces & Flails
  6798 | D:7      | Found a shattered altar of Ashenzari.
  6833 | D:7      | Noticed a six-headed hydra
  6834 | D:7      | Banished a six-headed hydra
  7403 | D:7      | Slain by a big kobold

Action                   |  1- 3 |  4- 6 |  7- 9 || total
-------------------------+-------+-------+-------++-------
Melee: Hand axe          |   151 |    91 |       ||   242
       Flail             |       |    22 |       ||    22
       Mace              |       |   145 |   699 ||   844
Throw: Tomahawk          |       |       |     1 ||     1
Invok: Depart the Abyss  |     1 |       |       ||     1
       Banish            |       |     4 |     8 ||    12
  Use: Scroll            |       |     4 |       ||     4
       Potion            |       |       |     4 ||     4
  Eat: Chunk             |     1 |     6 |    12 ||    19
       Bread ration      |       |     1 |       ||     1
       Fruit             |       |       |     4 ||     4
